 Dungeon Crawl Stone Soup version 0.22-a0-815-gb582571 (webtiles) character file.

50 BaronVonScrub the Conjurer (level 3, -1/24 HPs)
             Began as a Mummy Conjurer on July 23, 2018.
             Slain by Sigmund
             ... wielding a +0 scythe
              (10 damage)
             ... on level 2 of the Dungeon.
             The game lasted 00:03:52 (2243 turns).

BaronVonScrub the Conjurer (Mummy Conjurer)         Turns: 2243, Time: 00:03:53

Health: -1/24      AC:  2    Str: 11    XL:     3   Next: 55%
Magic:  7/7        EV: 12    Int: 15    God:
Gold:   70         SH:  0    Dex: 12    Spells: 7/8 levels left

rFire    . . .     SeeInvis .   c - +1 dagger (drain)
rCold    + . .     Gourm    .   (no shield)
rNeg     + + +     Faith    .   a - +0 robe
rPois    ∞         Spirit   .   (no helmet)
rElec    .         Reflect  .   (no cloak)
rCorr    .         Harm     .   (no gloves)
MR       .....                  (no boots)
Stlth    +.........             (no amulet)
HPRegen  0.08/turn              d - ring of protection from fire
MPRegen  0.10/turn              (no ring)

@: confused
A: no food or potions, fire vulnerability, cold resistance 1, negative energy
resistance 3, torment resistance, unbreathing
a: no special abilities


You were on level 2 of the Dungeon.
You were not hungry.

You visited 1 branch of the dungeon, and saw 2 of its levels.

You collected 70 gold pieces.

Inventory:

Hand Weapons
 c - a +1 dagger of draining (weapon)
Armour
 a - a +0 robe (worn)
Jewellery
 d - a ring of protection from fire (left hand)


   Skills:
 + Level 0.1 Short Blades
 - Level 1.7 Dodging
 - Level 1.5 Stealth
 + Level 3.2 Spellcasting
 + Level 4.1 Conjurations


You had 7 spell levels left.
You knew the following spells:

 Your Spells              Type           Power        Failure   Level  Hunger
a - Magic Dart            Conj           ##..         3%          1    N/A

Your spell library contained the following spells:

 Spells                   Type           Power        Failure   Level  Hunger
 Iskenderun's Mystic Bla  Conj           ##......     34%         4    N/A
 Fulminant Prism          Conj/Hex       #.........   63%         4    N/A
 Dazzling Spray           Conj/Hex       #.....       26%         3    N/A
 Force Lance              Conj/Tloc      #.......     63%         4    N/A
 Searing Ray              Conj           ##....       5%          2    N/A

Dungeon Overview and Level Annotations

Branches:
Dungeon (2/15)

Altars:

Annotations:
D:2 Sigmund


Innate Abilities, Weirdness & Mutations

You do not eat or drink.
Your flesh is vulnerable to fire.
You are immune to poison.
Your flesh is cold resistant. (rC+)
You are immune to negative energy. (rN+++)
You are immune to unholy pain and torment.
You can survive without breathing.


Message History

You are confused.
You're too confused to cast spells.
You're too confused!
Unknown command.
You're too confused to cast spells.
Sigmund mumbles some strange words.
Sigmund flickers and vanishes!
Deactivating autopickup; reactivate with Ctrl-A.
A puff of flame appears from out of thin air!
The puff of flame hits you!
You bump into the rock wall.
You feel less confused. Something hits you.
A goblin comes into view. It is wielding a hand axe.
You hear some strange, mumbled words.
You are confused.
You bump into the rock wall.
You bump into the rock wall.
Something hits you. Something hits you!
You die...

*,*
##.......#****#...#..
##.###....#****
*#..#.. #.........#
#..#.. *###.....##
#....# *#...)#.##
#..... *#....##g.#
#..... *#...##*##.#
#.#.#. *...** ###{##
#####.## *..,* #..@.#
##.....# *.,**
#.##.### ###..#####
**** #.##...###...##
#..........###
#.###.....##
#.#≈#.....#
#.###.....#
#.....##### #######


You could see a goblin.

Vanquished Creatures
  2 worms (D:2)
  3 dart slugs
  An orc (D:2)
  2 ball pythons (D:1)
  5 goblins
  5 hobgoblins
  2 quokkas (D:2)
  5 bats
  3 frilled lizards
  3 kobolds (D:1)
  5 rats
36 creatures vanquished.

Notes
Turn   | Place    | Note
-------+----------+-------------------------------------------
     0 | D:1      | BaronVonScrub the Mummy Conjurer began the quest for the Orb.
     0 | D:1      | Reached XP level 1. HP: 13/13 MP: 4/4
   318 | D:1      | Reached XP level 2. HP: 19/19 MP: 1/5
  1266 | D:2      | Reached XP level 3. HP: 23/24 MP: 0/7
  1345 | D:2      | Reached skill level 4 in Conjurations
  1347 | D:2      | Noticed Sigmund
  2243 | D:2      | Slain by Sigmund

Vault maps used:
D:1:      nicolae_arrival_washed_ashore
D:2:      first_ration, feat_on_display, uniq_sigmund

Skill      XL: |  1  2  3 |
---------------+----------+-----
Spellcasting   | 3 |  3.2
Conjurations   | 4 |  4.1
Short Blades   | |  0.1
Dodging        | |  1.7
Stealth        | |  1.5

Action                   || total
-------------------------++-------
Melee: Dagger            ||    40
 Cast: Magic Dart        ||    70
  Use: Scroll            ||     3
 Stab: Sleeping          ||     1
Armor: Robe              ||     5
Dodge: Dodged            ||    33

Table legend:
 A = Spawn XP
 B = Non-spawn XP
 C = Spawn XP percentage of total XP
 D = Spawn monster count
 E = Non-spawn monster count
 F = Spawn count percentage of total count
 G = Total turns spent on level
                    A         B        C        D         E        F      G
               +---------+---------+-------+---------+---------+-------+---------
         Total |       0 |      72 |   0.0 |       0 |      36 |   0.0 |  2243
               +---------+---------+-------+---------+---------+-------+---------
           D:1 |       0 |      35 |   0.0 |       0 |      20 |   0.0 |  1661
           D:2 |       0 |      37 |   0.0 |       0 |      16 |   0.0 |   582
               +---------+---------+-------+---------+---------+-------+---------
